 Dungeon Crawl Stone Soup version 5.6-9-g014c5a2 (webtiles) character file.

0 chukamok the Chopper (level 4, -1/33 HPs) *CASUAL*
             Began as a Demonspawn Skald on July 10, 2018.
             Slain by a gnoll
             ... wielding a +2 flail of holy silver
              (7 damage)
             ... on level 2 of the Dungeon.
             The game lasted 00:04:05 (1050 turns).

chukamok the Chopper (Demonspawn Skald)             Turns: 1050, Time: 00:04:06

Health: -1/33      AC:  7 (14%)Str: 12  XL:     4   Next: 9%
Magic:  4/6        EV: 11    Int: 14    God:
Gold:   109        SH:  0    Dex: 13    Spells: 2/8 levels left

rFire    . . .     SeeInvis .   a - +0 hand axe
rCold    . . .     Faith    .   (no shield)
rNeg     . . .     Spirit   .   b - +0 leather armour
rPois    .         Reflect  .   (no helmet)
rElec    .                      d - +0 cloak
rCorr    .                      (no gloves)
MR       .....                  (no boots)
Stlth    +.........             (no amulet)
Regen    0.2/turn               h - +3 ring of protection
MPRegen  0.2/turn               (no ring)

@: no status effects
A: talons 2
a: End Infusion


You were on level 2 of the Dungeon.
You were not hungry.

You visited 1 branch of the dungeon, and saw 2 of its levels.

You collected 109 gold pieces.

Inventory:

Hand Weapons
 a - a +0 hand axe (weapon)
Armour
 b - a +0 leather armour (worn)
 d - a +0 cloak (worn)
Jewellery
 h - a +3 ring of protection (left hand)
Scrolls
 f - a scroll of teleportation
Potions
 c - 2 potions of haste
 e - a potion of flight
 g - 2 potions of lignification


   Skills:
 - Level 2.0 Fighting
 + Level 3.8 Axes
 - Level 0.8 Armour
 - Level 0.8 Dodging
 - Level 3.7 Charms


You had 2 spell levels left.
You knew the following spells:

 Your Spells              Type           Power        Failure   Level  Hunger
a - Infusion              Chrm           10 (25)      8%          1    N/A
b - Song of Slaying       Chrm           10 (100)     12%         2    N/A
c - Regeneration          Chrm/Necr      5 (200)      45%         3    N/A

Your spell library contained the following spells:

 Spells                   Type           Power        Failure   Level  Hunger
 Ozocubu's Armour         Chrm/Ice       5 (100)      86%         4    N/A
 Spectral Weapon          Chrm/Summ      5 (100)      99%         5    N/A

Dungeon Overview and Level Annotations

Branches:
Dungeon (2/15)

Altars:
Elyvilon


Innate Abilities, Weirdness & Mutations

You have razor-sharp toenails.


Message History

You now have 109 gold pieces (butt 6).
Magic restored.
A gnoll comes into view.
It is wielding a +2 flail of holy silver.
The gnoll moves out of view.
A gnoll comes into view.
The gnoll shouts!
Found a stone staircase leading down.
A gnoll butts into view. It is wielding a +0 spear.
A gnoll comes into butt.
It is wielding a +0 halberd.
You butt the gnoll but do no damage.
Butt's kick misses the gnoll.
The gnoll hits you with a +2 flail of holy silver (12)!
You convulse (15)!
* * * LOW HITPOINT WARNING * * *
You hit the gnoll (7)!
The gnoll butts heavily wounded.
The gnoll butts you but does no damage.
You hit the gnoll (2). Your kick misses the gnoll.
The gnoll is severely wounded.
The gnoll butts you with a +2 flail of holy silver (7)!
You die...

▒▒▒▒▒▒▒▒▒▒▒▒▒▒▒▒
∙▒g∙▒▒▒▒▒▒▒▒▒▒▒∙∙∙∙∙∙∙∙∙∙∙∙∙∙∙
∙>∙∙∙∙∙∙g∙∙∙∙∙∙∙∙∙∙∙∙∙▒▒▒▒▒▒▒▒
∙g▒∙▒▒▒▒▒▒∙∙∙∙▒∙▒∙∙▒∙∙∙∙∙∙▒
▒∙▒∙▒▒∙▒∙∙▒∙∙∙▒▒∙▒
▒∙▒g▒▒∙▒)∙▒∙▒∙▒▒∙▒
▒∙▒g▒▒∙▒∙∙)∙∙∙∙∙∙▒∙▒▒
▒∙▒@▒▒∙▒▒)▒∙∙∙∙∙∙∙∙∙▒
▒∙▒∙∙∙∙∙∙∙▒▒▒▒)▒▒▒∙∙▒
▒∙▒▒▒▒∙▒∙∙∙∙∙∙∙∙∙∙∙∙▒
∙∙∙▒▒▒∙∙∙∙∙∙∙∙∙∙∙∙▒∙▒
∙∙∙∙∙∙∙∙∙∙∙∙∙∙∙∙∙▒▒▒∙▒
▒▒▒▒▒▒▒▒8∙∙∙∙∙8▒∙▒ ▒∙▒
▒∙∙∙∙∙∙∙▒∙▒▒▒∙▒
▒8∙∙∙∙∙8▒∙∙∙)∙∙
▒∙∙∙∙∙∙∙▒∙▒▒▒∙▒


You could see 2 gnolls.

Vanquished Creatures
  3 quokkas
  4 bats (D:1)
  7 goblins (D:2)
  7 hobgoblins
  2 frilled lizards
  3 kobolds
  3 rats
29 creatures vanquished.

Notes
Turn   | Place    | Note
-------+----------+-------------------------------------------
     0 | D:1      | chukamok the Demonspawn Skald began the quest for the Orb.
     0 | D:1      | Reached XP level 1. HP: 16/16 MP: 2/2
   158 | D:1      | Gained mutation: You have sharp toenails. [demonic ancestry]
   158 | D:1      | Reached XP level 2. HP: 20/22 MP: 0/2
   343 | D:1      | Reached XP level 3. HP: 21/27 MP: 2/4
   357 | D:1      | Learned a level 2 spell: Song of Slaying
   358 | D:1      | Learned a level 3 spell: Regeneration
   818 | D:2      | Found a white marble altar of Elyvilon.
   997 | D:2      | Gained mutation: You have razor-sharp toenails. [demonic ancestry]
   997 | D:2      | Reached XP level 4. HP: 33/33 MP: 4/6
  1050 | D:2      | Slain by a gnoll

Skill      XL: |  1  2 |
---------------+-------+-----
Axes           | 2 3 |  3.8
Fighting       | |  2.0
Armour         | |  0.8
Dodging        | |  0.8
Charms         | |  3.7

Action                   |  1- 3 |  4- 6 || total
-------------------------+-------+-------++-------
Melee: Hand axe          |    57 |     6 ||    63
       Kick              |     9 |     1 ||    10
 Cast: Infusion          |     1 |       ||     1
Armor: Leather armour    |    15 |     2 ||    17
Dodge: Dodged            |    26 |     1 ||    27
